 Dungeon Crawl Stone Soup version 0.27-a0-1196-g3e9cee4cb2 (webtiles) character file.

Game seed: 13703201057557426317

18 Kold the Insei (level 2, 24/24 HPs)
             Began as a Demonspawn Monk on May 28, 2021.
             Was a Plaything of Xom.
             Quit the game on level 1 of the Dungeon.
             The game lasted 00:01:14 (1021 turns).

Kold the Insei (Demonspawn Monk)                    Turns: 1021, Time: 00:01:15

Health: 24/24      AC:  2    Str: 11    XL:     2   Next: 51%
Magic:  2/2        EV: 13    Int: 11    God:    Xom [..*...]
Gold:   50         SH:  0    Dex: 15    Spells: 1/1 levels left

rFire    . . .     SeeInvis .     - Unarmed
rCold    . . .     Faith    .   (no shield)
rNeg     . . .     Spirit   .   a - +0 robe
rPois    .         Reflect  .   (no helmet)
rElec    .         Harm     .   (no cloak)
rCorr    .         Rampage  .   (no gloves)
Will     .....                  (no boots)
Stlth    ++........             (no amulet)
HPRegen  0.08/turn              (no ring)
MPRegen  0.08/turn              (no ring)

@: no status effects
A: hooves 1
a: Renounce Religion


You were on level 1 of the Dungeon.
You worshipped Xom.
You were a toy of Xom.
You visited 1 branch of the dungeon, and saw 1 of its levels.

You collected 50 gold pieces.

Inventory:

Armour
 a - a +0 robe (worn)
Scrolls
 b - a scroll of amnesia {unknown}
 c - a scroll of brand weapon {unknown}
 d - a scroll of teleportation {unknown}
 e - a scroll of immolation {unknown}
 f - a scroll of silence {unknown}


   Skills:
 - Level 3.0 Fighting
 - Level 3.0 Dodging
 - Level 2.0 Stealth
 + Level 3.2 Unarmed Combat


You had one spell level left.
You didn't know any spells.
Your spell library contained the following spells:

 Spells                   Type           Power      Damage    Failure   Level
 Summon Small Mammal      Summ           0%         N/A       34%         1
 Call Imp                 Summ           0%         N/A       47%         2
 Call Canine Familiar     Summ           0%         N/A       71%         3
 Summon Guardian Golem    Hex/Summ       0%         N/A       71%         3
 Summon Ice Beast         Ice/Summ       0%         N/A       98%         4
 Summon Lightning Spire   Summ/Air       0%         N/A       98%         4
 Silence                  Hex/Air        0%         N/A       100%        5
 Conjure Ball Lightning   Conj/Air       0%         3x3d6     100%        6
 Tornado                  Air            0%         N/A       100%        9


Dungeon Overview and Level Annotations

Branches:
Dungeon (1/15)

Altars:
Xom


Innate Abilities, Weirdness & Mutations

You have large cloven feet.


Message History

The bat misses you. The bat hits you but does no damage.
You see here a scroll labelled MUKLUN JONAINY.
You closely miss the bat. The bat hits you. The bat misses you.
You hit the bat.
You kill the bat!
No target in view!
b - a scroll labelled MUKLUN JONAINY No target in view!
You now have 50 gold pieces (gained 15).
A kobold comes into view. It is wielding a +0 whip.
A kobold is nearby!
The kobold hits you with a +0 whip.
You barely miss the kobold. Your punch misses the kobold.
The kobold misses you.
You hit the kobold.
You kill the kobold!
No target in view!
Xom grants you insight.
You detect nothing. "How about this?"
You briefly become tangled in your robes.
No target in view!
No target in view!
Things that are here:
a +0 whip; a kobold corpse
e - a scroll labelled LIFAGRY LEA
Found 11 arrows.
Found 18 poisoned darts.
There is a shimmering altar of Xom here.
You pick up a book of Callings and begin reading...
You add the spells Summon Small Mammal, Call Imp, Call Canine Familiar, Summon Guardian Golem and Summon Ice Beast to your library.
Things that are here:
a +0 short sword; a kobold skeleton You see here a +0 dagger.
There is a stone staircase leading down here.
There is a stone staircase leading down here.
You see here a +0 dagger.
Found a stone staircase leading down.
f - a scroll labelled YFIUSCH PEIC Are you sure you want to abandon this character and quit the game? (Confirm with "yes".)

#..... #...#
####...###.#
#..........#
...........#
#..........######
##.#...#.#......##
..##...# ........#
...#..(# # #.@#
#.#.###.# #..#
#.##.#..##.# #..#
#.# #.#.##.# #..##
#..
.#>##.####...##
### #.##.#.......#
# #.##.#.##...## #
#.##.#.##..##
#####.##......##


There were no monsters in sight!

Vanquished Creatures
  3 ball pythons (D:1)
  A bat (D:1)
  An endoplasm (D:1)
  2 goblins (D:1)
  3 hobgoblins (D:1)
  2 frilled lizards (D:1)
  4 kobolds (D:1)
  A rat (D:1)
17 creatures vanquished.

Notes
Turn   | Place    | Note
-------+----------+-------------------------------------------
     0 | D:1      | Kold the Demonspawn Monk began the quest for the Orb.
     0 | D:1      | Reached XP level 1. HP: 18/18 MP: 1/1
   387 | D:1      | Gained mutation: You have large cloven feet. [demonic
                  | ancestry]
   387 | D:1      | Reached XP level 2. HP: 24/24 MP: 2/2
   683 | D:1      | Found a faded altar of an unknown god.
   697 | D:1      | Became a worshipper of Xom the Fickle
   837 | D:1      | XOM: divination: detect creatures
   852 | D:1      | XOM: silly message
  1021 | D:1      | Quit the game

Illustrated notes

Levels and vault maps discovered:
D:1:      zaba_arrival_water, layout_loops_ring,
          shapermc_ecumenical_altar_mp_highgroup

Skill      XL: |  1  2 |
---------------+-------+-----
Stealth        | 2 |  2.0
Unarmed Combat | 3 |  3.2
Dodging        | 3 |  3.0
Fighting       | |  3.0

Action                   || total
-------------------------++-------
Melee: Unarmed           ||    45
       Kick              ||     4
       Punch             ||     1
  Use: Potion            ||     1
 Stab: Sleeping          ||     5
Armor: Robe              ||     7
Dodge: Dodged            ||    23

Table legend: (Time is in decaauts)
 A = Elapsed time spent in this place.
 B = Non-inter-level travel time spent in this place.
 C = Inter-level travel time spent in this place.
 D = Time resting spent in this place.
 E = Time spent auto-exploring this place.
 F = Levels seen in this place.
 G = Mean time per level.
                   A        B        C        D        E       F      G
               +--------+--------+--------+--------+--------+-----+--------+
         Total |   1025 |   1015 |     10 |    363 |    530 |   1 | 1025.0 |
       Dungeon |   1025 |   1015 |     10 |    363 |    530 |   1 | 1025.0 |
               +--------+--------+--------+--------+--------+-----+--------+

Top non-repeatable levels by time:
     D:1: 1025 daAuts
